 Dungeon Crawl Stone Soup version 0.31-a0-1-g4198be8af4 (webtiles) character file.

Game seed: 13153809394459568178

30369 Ic0nGaming the Unseen (level 13, -5/80 HPs)
             Began as a Kobold Gladiator on May 1, 2023.
             Was a Follower of Ashenzari.
             Slain by a wyvern (13 damage)
             ... on level 2 of the Lair of Beasts.
             The game lasted 00:46:37 (18092 turns).

Ic0nGaming the Unseen (Kobold Gladiator)           Turns: 18092, Time: 00:46:38

Health: -5/80      AC: 13    Str: 11    XL:     13   Next: 88%
Magic:  13/13      EV: 15    Int: 11    God:    Ashenzari [*.....]
Gold:   966        SH:  8    Dex: 17    Spells: 12/12 levels left

rFire   + . .        a - +7 rapier (freeze)
rCold   . . .        H - +1 kite shield of Ashenzari's Shame {AC+3, Range, Fort} (curse)
rNeg    + . .        m - +3 leather armour of the Sibylline Shame {+Inv rPois rN+ Dex-3, Self, Range} (curse)
rPois   +            c - +0 helmet
rElec   .            w - +1 cloak
rCorr   .            (no gloves)
SInv    .            N - +0 pair of boots
Will    +....        (no amulet)
Stlth   +++++++      P - ring of willpower
HPRegen 0.33/turn    b - ring of protection from fire
MPRegen 0.13/turn

%: no passive effects
@: no status effects
A: small, no large weapons, nightstalker 3
a: Renounce Religion, Evoke Invisibility, Curse Item, Shatter the Chains


You were on level 2 of the Lair of Beasts.
You worshipped Ashenzari.
Ashenzari was aware of your devotion.
You visited 2 branches of the dungeon, and saw 14 of its levels.
You also visited: Sewer and Ossuary.

You collected 1131 gold pieces.
You spent 165 gold pieces at shops.

Inventory:

Hand Weapons
 a - a +7 rapier of freezing (weapon)
 q - a +0 long sword
 y - a +5 dagger of venom
 E - a +4 scimitar of flaming
Missiles
 d - 2 throwing nets
 e - 8 boomerangs (quivered)
 i - 14 poisoned darts
Armour
 c - a +0 helmet (worn)
 m - the cursed +3 leather armour of the Sibylline Shame (worn) {+Inv rPois rN+ Dex-3, Self, Range}
   (You found it on level 4 of the Dungeon)

   Dex:       It affects your dexterity (-3).
   rPois:     It protects you from poison.
   rN:        It protects you from negative energy.
   +Inv:      It lets you turn invisible.
   It has a curse which improves the following skills: Introspection: Fighting
   and Spellcasting.
   Ranged Combat: Ranged Weapons and Throwing.
 w - a +1 cloak (worn)
 H - the cursed +1 kite shield of Ashenzari's Shame (worn) {AC+3, Range, Fort}
   (You bought it in a shop on level 8 of the Dungeon)

   It has a curse which improves the following skills: Ranged Combat: Ranged
   Weapons and Throwing.
   Fortitude: Armour and Shields.
 N - a +0 pair of boots (worn)
Jewellery
 b - a ring of protection from fire (right hand)
 n - a ring of fire
 v - a ring of positive energy
 P - a ring of willpower (left hand)
Wands
 g - a wand of acid (2)
 l - a wand of flame (9)
 D - a wand of mindburst (8)
 J - a wand of digging (8)
 K - a wand of iceblast (5)
 L - a wand of paralysis (5)
Scrolls
 p - 2 scrolls of blinking
 s - 3 scrolls of teleportation
 A - 2 scrolls of poison
 C - 4 scrolls of fog
 I - a scroll of summoning
 M - 2 scrolls of amnesia
Potions
 f - 4 potions of curing
 h - 3 potions of might
 j - 2 potions of haste
 k - a potion of heal wounds
 o - 4 potions of ambrosia
 r - 3 potions of mutation
 t - 2 potions of lignification
 x - 4 potions of magic
 z - a potion of invisibility
 B - 2 potions of attraction
 F - 4 potions of resistance
 G - 3 potions of brilliance
 O - a potion of cancellation


   Skills:
 - Level 8.2(9.0) Fighting
 - Level 14.0(17.3) Short Blades
 * Level 11.2(12.5) Long Blades
 - Level 5.0(6.1) Throwing
 - Level 6.3 Dodging
 + Level 16.2 Stealth
 - Level 4.4 Evocations


You had 12 spell levels left.
You didn't know any spells.
Your spell library contained the following spells:

 Spells                   Type           Power      Damage    Failure   Level
 Beastly Appendage        Tmut           0%         N/A       94%         1
 Foxfire                  Conj/Fire      0%         2x1d4     94%         1
 Kiss of Death            Conj/Necr      0%         2d5       94%         1
 Ensorcelled Hibernation  Hex/Ice        0%         N/A       98%         2
 Wereblood                Tmut           0%         N/A       98%         2
 Confusing Touch          Hex            0%         N/A       100%        3
 Dazzling Flash           Conj/Hex       0%         N/A       100%        3
 Ignite Poison            Fire/Tmut/Pois 0%         N/A       100%        3
 Spider Form              Tmut/Pois      0%         N/A       100%        3
 Dispel Undead            Necr           0%         3d6       100%        4
 Fulminant Prism          Conj/Hex       0%         3d5       100%        4
 Sticky Flame             Conj/Fire      0%         2d3       100%        4
 Agony                    Necr           0%         N/A       100%        5
 Fireball                 Conj/Fire      0%         3d3       100%        5
 Silence                  Hex/Air        0%         N/A       100%        5
 Iron Shot                Conj/Erth      0%         9d1       100%        6
 Plasma Beam              Fire/Air       0%         2x1d11    100%        6
 Starburst                Conj/Fire      0%         6d3       100%        6
 Ignition                 Fire           0%         3d3       100%        8


Dungeon Overview and Level Annotations

Branches:
Dungeon (11/15)            Temple (0/1) D:7            Lair (3/5) D:11
  Swamp (0/4) Lair:2        Snake (0/4) Lair:3          Orc (0/2) D:9
  Sewer (visited)         Ossuary (visited)

Altars:
Ashenzari
Dithmenos
Elyvilon
Fedhas
Gozag
Hepliaklqana
Kikubaaqudgha
Makhleb
Nemelex Xobeh
Wu Jian
Yredelemnul
Zin
The Shining One

Shops:
D:7 *   D:8 **

Annotations:
D:3 Pargi
Lair:2 3 runed translucent doors, Rrauwl's ghost, journeyman FoFi


Innate Abilities, Weirdness & Mutations

You are small and have problems with some larger weapons.
You are completely attuned to the shadows.


Message History

You barely miss the komodo dragon. You puncture the komodo dragon!
You freeze the komodo dragon.
The komodo dragon is moderately wounded.
The komodo dragon bites you!
You hit the komodo dragon but do no damage.
The komodo dragon is moderately wounded.
The komodo dragon bites you!
You hit the komodo dragon.
The komodo dragon seems to slow down.
You freeze the komodo dragon.
The komodo dragon is heavily wounded.
You hit the komodo dragon. You freeze the komodo dragon.
The komodo dragon is heavily wounded.
The komodo dragon bites you!!
* * * LOW HITPOINT WARNING * * *
As you read the scroll of fear, it crumbles to dust.
You assume a fearsome visage.
The komodo dragon looks frightened!
The komodo dragon is no longer moving slowly.
There is a stone staircase leading up here.
You climb upwards.
Level annotation: 3 runed translucent doors, Rrauwl's ghost, journeyman FoFi
There is a stone staircase leading down here.
You start resting.
A wyvern comes into view.
The wyvern moves out of view.
You start resting.
A wyvern is nearby!
A wyvern is nearby!
Throw: 8 boomerangs
Press: ? - help, Q - select action, (/) - cycle Shift-Dir - straight line, f - wyvern
Aim: a wyvern (wandering, hasn't noticed you, 67% to hit)
You throw a boomerang.
The boomerang closely misses the wyvern.
The wyvern hisses angrily.
There are no items here.
You closely miss the wyvern. The wyvern bites you!
* * * LOW HITPOINT WARNING * * *
You puncture the wyvern! You freeze the wyvern.
The wyvern is heavily wounded.
The wyvern bites you!
You die...

#.........## #.......###
.........## ##...<....##
.........# ########........# ###
####.....###...............###.#
Y..#......##.~~~≈~~~........##.##
#Y.#.....#...~≈≈≈≈≈~.........[#.#
#}Y#.......~~≈≈≈≈≈≈~~~...........
.?$#........~≈≈l~~≈≈≈.~..........
#[(#..?....~~≈~~@.≈~≈~...........
#).#=......~~≈~..~~~~............
...#........~≈≈≈~~≈≈~............
####........~≈≈≈≈≈≈≈.............
.......>.##~~~~≈~≈~~~.......###.#
.........##~#..~.~.........## ###
##.......####..####P........#
#.......## #..##.#......####
#........# #####........#


You could see a wyvern.

Vanquished Creatures
  3 hydras
  Harold (D:10)
  A boulder beetle (Lair:2)
  Erica (D:8)
  A two-headed ogre (D:10)
  A catoblepas (Lair:2)
  A skyshark (Lair:3)
  Pikel (D:6)
  A manticore (D:11)
  A cyclops (D:10)
  17 elephants
  5 black mambas
  Maurice (D:8)
  Joseph (D:9)
  5 cane toads
  3 komodo dragons
  Psyche (D:8)
  2 trolls (D:11)
  4 blink frogs
  Sigmund (D:2)
  A shadow (D:9)
  4 wyverns
  24 yaks
  Eustachio (D:6)
  Grum (D:9)
  A steam dragon (Lair:3)
  A basilisk (Lair:3)
  4 vampire mosquitoes (Lair:2)
  Menkaure (D:4)
  An acid dragon (D:9)
  Duvessa (D:6)
  18 water moccasins
  5 orc warriors
  2 ice beasts (D:7)
  4 black bears
  3 ogres
  3 wolves (D:8)
  A centaur (D:8)
  A phantom (D:5)
  A kobold brigand (D:9)
  A gnoll sergeant (D:8)
  12 bullfrogs
  2 scorpions
  4 wights
  Dowan (D:6)
  6 killer bees
  A howler monkey (D:8)
  2 jellies
  2 gnoll boudas
  7 orc priests
  A sleepcap (D:6)
  Natasha (twice) (D:2)
  8 iguanas
  11 orc wizards
  8 mummies (Ossuary)
  13 gnolls
  5 river rats (Sewer)
  13 adders
  A worm (D:4)
  3 dart slugs
  56 orcs
  18 ball pythons
  5 endoplasms
  2 giant cockroaches
  4 hobgoblins
  5 quokkas
  4 bats
  5 frilled lizards
  3 goblins
  3 hobgoblin zombies (Ossuary)
  14 kobolds
  2 kobold zombies (Ossuary)
  3 orc zombies (Ossuary)
  27 rats
384 creatures vanquished.

Vanquished Creatures (others)
  20 fungi
  17 plants
  4 toadstools (D:1)
41 creatures vanquished.

Grand Total: 425 creatures vanquished

Notes
Turn   | Place    | Note
-------+----------+-------------------------------------------
     0 | D:1      | Ic0nGaming the Kobold Gladiator began the quest for the
                  | Orb.
     0 | D:1      | Reached XP level 1. HP: 12/12 MP: 1/1
    93 | D:1      | Reached skill level 1 in Stealth
   178 | D:1      | Reached XP level 2. HP: 17/17 MP: 2/2
   466 | D:2      | Noticed Sigmund
   472 | D:2      | Killed Sigmund
   473 | D:2      | Reached skill level 5 in Stealth
   473 | D:2      | Reached XP level 3. HP: 11/21 MP: 3/3
   473 | D:2      | Reached XP level 4. HP: 14/26 MP: 4/4
   473 | D:2      | Reached XP level 5. HP: 16/30 MP: 5/5
   726 | D:2      | Reached XP level 6. HP: 35/35 MP: 6/6
  1023 | D:2      | Noticed Natasha
  1028 | D:2      | Killed Natasha
  1317 | D:2      | Found an ornate altar of the Wu Jian Council.
  1337 | D:2      | Noticed Natasha
  1346 | D:2      | Killed Natasha
  2373 | D:3      | Reached skill level 6 in Stealth
  2402 | D:3      | Noticed Pargi
  2588 | D:3      | Found a blossoming altar of Fedhas.
  3047 | D:3      | Noticed an ogre
  3235 | D:4      | Identified the +3 leather armour of Claustrophobia {+Inv
                  | rPois rN+ Dex-3}
  3268 | D:4      | Found a broken altar of Ashenzari.
  3291 | D:4      | Became a worshipper of Ashenzari the Shackled
  3349 | D:4      | Noticed Menkaure
  3352 | D:4      | Killed Menkaure
  3353 | D:4      | Reached XP level 7. HP: 40/40 MP: 7/7
  3373 | D:4      | Found a glowing golden altar of the Shining One.
  3548 | D:4      | Reached skill level 7 in Stealth
  3615 | D:5      | Entered Level 5 of the Dungeon
  3970 | D:5      | Reached skill level 8 in Stealth
  3992 | D:5      | Reached XP level 8. HP: 11/44 MP: 8/8
  4394 | D:5      | Found a white marble altar of Elyvilon.
  4716 | D:6      | Noticed Eustachio
  4737 | D:6      | Killed Eustachio
  4738 | D:6      | Reached skill level 9 in Stealth
  4787 | D:6      | Noticed Dowan
  4850 | D:6      | Found a sand-covered staircase.
  4856 | Ossuary  | Entered an ossuary
  5097 | D:6      | Found a glowing drain.
  5106 | Sewer    | Entered a sewer
  5479 | Sewer    | Reached skill level 10 in Short Blades
  5557 | Sewer    | Reached skill level 10 in Stealth
  5803 | D:6      | Noticed Pikel
  5832 | D:6      | Killed Pikel
  5833 | D:6      | Reached skill level 5 in Dodging
  5833 | D:6      | Reached XP level 9. HP: 46/48 MP: 9/9
  6057 | D:6      | Reached skill level 11 in Stealth
  6171 | D:6      | Identified the +7 trident of Odiez {holy, +Blink rN++}
  6185 | D:6      | Noticed Duvessa
  6188 | D:6      | Killed Dowan
  6208 | D:6      | Killed Duvessa
  6684 | D:7      | Found an opulent altar of Gozag.
  6864 | D:7      | Reached skill level 5 in Throwing
  7198 | D:7      | Found a staircase to the Ecumenical Temple.
  7810 | D:7      | Found Gozag's Platinum Reserve.
  7954 | D:4      | Found a shadowy altar of Dithmenos.
  7954 | D:4      | Found a sparkling altar of Nemelex Xobeh.
  8221 | D:8      | Noticed Psyche
  8224 | D:8      | Killed Psyche
  8225 | D:8      | Reached XP level 10. HP: 54/54 MP: 10/10
  8376 | D:8      | Found Zin's Purification Station.
  8378 | D:8      | Found a glowing silver altar of Zin.
  9064 | D:8      | Noticed Maurice
  9087 | D:8      | Killed Maurice
  9336 | D:8      | Noticed Erica
  9341 | D:8      | Killed Erica
  9342 | D:8      | Reached skill level 12 in Stealth
  9479 | D:8      | Found Ea-nāṣir's Fine Metal Goods.
  9483 | D:8      | Bought a runed kite shield for 165 gold pieces
  9674 | D:8      | Found a hazy altar of Hepliaklqana.
  9855 | D:9      | Found a staircase to the Orcish Mines.
 10007 | D:9      | Found a basalt altar of Yredelemnul.
 10106 | D:9      | Reached skill level 1 in Evocations
 10162 | D:9      | Reached skill level 1 in Long Blades
 10443 | D:8      | Reached XP level 11. HP: 42/62 MP: 11/11
 11064 | D:9      | Reached * piety under Ashenzari
 11100 | D:9      | Reached skill level 5 in Fighting
 11545 | D:9      | Noticed Joseph
 11549 | D:9      | Killed Joseph
 11571 | D:9      | Noticed Grum
 11856 | D:9      | Killed Grum
 12409 | D:10     | Entered Level 10 of the Dungeon
 12409 | D:10     | Noticed a cyclops
 12481 | D:10     | Found a burning altar of Makhleb.
 12532 | D:10     | Killed a cyclops
 12572 | D:10     | Noticed a two-headed ogre
 12950 | D:10     | Noticed Harold
 12954 | D:10     | Killed Harold
 13024 | D:10     | Found an ancient bone altar of Kikubaaqudgha.
 13134 | D:10     | Noticed a two-headed ogre
 13201 | D:10     | Noticed a skeletal warrior
 13201 | D:10     | Noticed a skeletal warrior
 13201 | D:10     | Noticed a skeletal warrior
 13505 | D:10     | Killed a two-headed ogre
 13629 | D:11     | Noticed an elephant
 13633 | D:11     | Noticed a manticore
 13640 | D:11     | Reached skill level 5 in Long Blades
 13658 | D:11     | Killed an elephant
 13687 | D:11     | Killed a manticore
 13688 | D:11     | Reached XP level 12. HP: 31/75 MP: 12/12
 13832 | D:11     | Found a staircase to the Lair.
 13860 | Lair:1   | Entered Level 1 of the Lair of Beasts
 13987 | Lair:1   | Identified the +2 war axe of Inquiry {flame, rCorr Str+3
                  | Int+3 Dex+3}
 15105 | Lair:2   | Noticed a death yak
 15116 | Lair:2   | Found a runed translucent gate.
 15117 | Lair:2   | Found a runed translucent gate.
 15118 | Lair:2   | Found a runed translucent gate.
 15118 | Lair:2   | Noticed a death yak
 15135 | Lair:2   | Noticed Rrauwl's ghost (journeyman FoFi)
 15145 | Lair:2   | Reached skill level 13 in Stealth
 15646 | Lair:2   | Noticed a boulder beetle
 15650 | Lair:2   | Killed a boulder beetle
 15651 | Lair:2   | Noticed a four-headed hydra
 15655 | Lair:2   | Killed a four-headed hydra
 15695 | Lair:2   | Noticed a catoblepas
 15734 | Lair:2   | Killed a catoblepas
 15735 | Lair:2   | Reached skill level 14 in Stealth
 15993 | Lair:2   | Reached XP level 13. HP: 58/80 MP: 13/13
 16291 | Lair:2   | Identified the +5 hand axe of the Bruised Thickets {venom,
                  | rN+ Dex+2}
 16455 | Lair:2   | Found a staircase to the Swamp.
 16830 | Lair:3   | Noticed a four-headed hydra
 16836 | Lair:3   | Killed a four-headed hydra
 16837 | Lair:3   | Reached skill level 15 in Stealth
 16845 | Lair:3   | Reached skill level 10 in Long Blades
 17276 | Lair:3   | Found a staircase to the Snake Pit.
 17280 | Lair:3   | Identified the Cyclopedia of Conjured Snow
 17636 | Lair:3   | Reached skill level 16 in Stealth
 18026 | Lair:3   | Noticed a five-headed hydra
 18038 | Lair:3   | Killed a five-headed hydra
 18092 | Lair:2   | Slain by a wyvern

Illustrated notes

Levels and vault maps discovered:
D:1:      ldierk_walled_garden_2, layout_rooms
D:2:      cheibrodos_helix_gallery, layout_basic, basic_altar, uniq_sigmund,
          uniq_natasha
D:3:      layout_loops_ring, fedhas_altar_fruit_tree, uniq_pargi
D:4:      layout_rooms, ashenzari_altar_1, nicolae_overflow_hidden_temple,
          serial_glass, glass_columns_b, glass_columns_c, uniq_menkaure
D:5:      layout_basic, lemuel_doored_altar
D:6:      layout_gridville, enter_ossuary_2, portal_sewer_entry_d,
          uniq_eustachio, uniq_pikel, uniq_duvessa
D:7:      layout_basic, nicolae_gozag_zags_fifth_avenue,
          minmay_temple_entry_crystal_x
D:8:      layout_basic, zin_purify, nzn_hepliaklqana_mist_gate, special_room
          [special_room_orc], nicolae_ea-nasir_strikes_again,
          minmay_misc_feat_columns, minmay_misc_feat_pillars,
          kennysheep_opposing_triangles, uniq_erica, uniq_maurice, uniq_psyche
D:9:      layout_irregular_city, amcnicky_altar_gilded, david_orc_2, uniq_grum,
          uniq_joseph
D:10:     layout_rooms, bloody_makhleb, marbit_many_paths, grunt_decor_clamped,
          uniq_lodul, uniq_harold
D:11:     layout_loops_ring, david_lair_generic, serial_shops,
          kennysheep_little_box, dk_noncrumbling_4, dk_noncrumbling_3
Lair:1:   layout_small_grid
Lair:2:   layout_hall_layers, minmay_swamp_entry_swarm, gammafunk_ghost_split,
          infiniplex_staircase_pool_2, lemuel_fruit_tree, serial_bayou_shore_b,
          serial_bayou_shore_b
Lair:3:   layout_gridlike, minmay_snake_entry_six_corridors, grunt_megastairs_3,
          serial_bayou_shore_b

Skill      XL: |  1  2  3  4  5  6  7  8  9 10 11 12 13 |
---------------+----------------------------------------+-----
Stealth        | 1 5 6 8 10 11 12 14 16 | 16.2
Short Blades   | 6 7 8 10 11 14 | 14.0
Dodging        | 5 6 |  6.3
Throwing       | 4 5 |  5.0
Fighting       | 4 8 |  8.2
Evocations     | 2 4 |  4.4
Long Blades    | 1 5 8 11 | 11.2

Action                     |  1- 3 |  4- 6 |  7- 9 | 10-12 | 13-15 || total
---------------------------+-------+-------+-------+-------+-------++-------
  Melee: Rapier            |    20 |    93 |   440 |   611 |   320 ||  1484
         Punch             |     1 |       |     3 |     2 |       ||     6
         Scimitar          |       |       |       |    14 |       ||    14
  Throw: Throwing net      |     2 |     1 |     2 |     6 |       ||    11
         Dart              |       |     2 |    12 |    48 |       ||    62
         Boomerang         |       |       |     1 |    14 |    24 ||    39
 Invoke: Curse Item        |       |       |     1 |     1 |       ||     2
  Evoke: Wand              |       |       |    19 |     5 |     1 ||    25
    Use: Scroll            |       |     7 |    17 |    12 |     2 ||    38
         Potion            |       |       |     9 |     5 |     2 ||    16
   Stab: Sleeping          |     4 |    23 |    43 |    26 |     7 ||   103
         Held in net/web   |       |     1 |       |     6 |       ||     7
         Distracted        |       |       |     1 |     1 |       ||     2
         Petrified         |       |       |       |     1 |       ||     1
         Invisible         |       |       |       |       |     3 ||     3
 Armour: Leather armour    |     2 |    25 |   101 |   129 |    85 ||   342
         Skin              |       |       |     5 |       |       ||     5
  Dodge: Dodged            |     8 |    53 |   346 |   330 |   149 ||   886
  Block: Kite shield       |       |       |       |   166 |    95 ||   261

Table legend: (Time is in decaauts)
 A = Elapsed time spent in this place.
 B = Non-inter-level travel time spent in this place.
 C = Inter-level travel time spent in this place.
 D = Time resting spent in this place.
 E = Time spent auto-exploring this place.
 F = Levels seen in this place.
 G = Mean time per level.
                   A        B        C        D        E       F      G
               +--------+--------+--------+--------+--------+-----+--------+
         Total |  17721 |  16918 |    803 |   5730 |   7224 |  16 | 1107.6 |
       Dungeon |  12863 |  12173 |    690 |   4121 |   5511 |  11 | 1169.4 |
          Lair |   4134 |   4021 |    113 |   1423 |   1689 |   3 | 1378.0 |
         Sewer |    531 |    531 |      0 |    185 |     23 |   1 |  531.0 |
       Ossuary |    192 |    192 |      0 |      0 |      0 |   1 |  192.0 |
               +--------+--------+--------+--------+--------+-----+--------+

Top non-repeatable levels by time:
     D:9: 2601 daAuts
     D:8: 2056 daAuts
     D:2: 1771 daAuts
  Lair:1: 1543 daAuts
  Lair:2: 1399 daAuts
     D:7: 1341 daAuts
  Lair:3: 1191 daAuts
     D:5: 1161 daAuts
     D:6: 1105 daAuts
     D:3: 991 daAuts
    D:10: 583 daAuts
     D:1: 548 daAuts
   Sewer: 531 daAuts
     D:4: 432 daAuts
    D:11: 267 daAuts
